 Dungeon Crawl Stone Soup version 0.30.1-11-g7821555f0a (webtiles) character file.

Game seed: 14989412614438366440

1071 safid the Chiller (level 8, 0/58 (64) HPs)
             Began as a Merfolk Ice Elementalist on Oct 26, 2023.
             Was an Initiate of Vehumet.
             Slain by a wight
             ... wielding a +3 flail
              (3 damage)
             ... on level 6 of the Dungeon on Oct 27, 2023.
             The game lasted 00:07:38 (5798 turns).

safid the Chiller (Merfolk Ice Elementalist)        Turns: 5798, Time: 00:07:38

HP:   0/58 (64)     AC:  9    Str:  8    XL:     8   Next: 28%
MP:   8/15          EV: 12    Int: 16    God:    Vehumet [......]
Gold: 327           SH:  5    Dex: 15    Spells: 10/17 levels left

rFire   . . .        q - +2 dagger (drain)
rCold   . . .        (no shield)
rNeg    . . .        a - +0 robe
rPois   .            (no helmet)
rElec   .            (no cloak)
rCorr   .            (no gloves)
SInv    .            (no boots)
Will    .....        d - amulet of reflection
Stlth   ++           (no ring)
HPRegen 0.29/turn    (no ring)
MPRegen 0.14/turn

%: reflection
@: ice-armoured, freezing walls, drained
A: (nimble swimmer 2), mertail
a: Renounce Religion


You were on level 6 of the Dungeon.
You worshipped Vehumet.
Vehumet was noncommittal.
You visited 2 branches of the dungeon, and saw 7 of its levels.

You collected 327 gold pieces.

Inventory:

Hand Weapons
 q - a +2 dagger of draining (weapon)
Armour
 a - a +0 robe (worn)
 C - a +2 kite shield
Jewellery
 d - an amulet of reflection (around neck)
 r - a ring of positive energy
 A - a ring of ice
Wands
 y - a wand of paralysis (6)
Scrolls
 c - 2 scrolls of amnesia {unknown}
 g - 3 scrolls of fear {unknown}
 h - 8 scrolls of identify {unknown}
 l - 3 scrolls of magic mapping {unknown}
 m - 2 scrolls of torment {unknown}
 o - a scroll of silence {unknown}
 u - 3 scrolls of teleportation {unknown}
 v - a scroll of enchant weapon {unknown}
 w - 2 scrolls of noise {unknown}
 x - a scroll of blinking {unknown}
 B - a scroll of vulnerability {unknown}
Potions
 b - a potion of magic
 e - a potion of flight {unknown}
 f - 5 potions of curing
 i - a potion of invisibility {unknown}
 j - a potion of berserk rage {unknown}
 k - a potion of resistance {unknown}
 n - a potion of haste {unknown}
 p - 4 potions of lignification {unknown}
 s - 2 potions of brilliance {unknown}
 t - a potion of attraction {unknown}
 z - a potion of heal wounds {unknown}


   Skills:
 + Level 5.8 Fighting
 - Level 2.6 Dodging
 - Level 2.1 Stealth
 + Level 5.2 Spellcasting
 + Level 7.4 Ice Magic


You had 10 spell levels left.
You knew the following spells:

 Your Spells              Type           Power      Damage    Failure   Level
a - Freeze                Ice            100%       1d10      1%          1
b - Frozen Ramparts       Ice            56%        1d9       1%          3
c - Ozocubu's Armour      Ice            28%        N/A       1%          3

Your spell library contained the following spells:

 Spells                   Type           Power      Damage    Failure   Level
 Apportation              Tloc           8%         N/A       16%         1
 Kiss of Death            Conj/Necr      16%        2d6       16%         1
 Necrotise                Necr           16%        1d4       16%         1
 Shock                    Conj/Air       16%        1d4       16%         1
 Summon Small Mammal      Summ           16%        N/A       16%         1
 Poisonous Vapours        Pois/Air       8%         N/A       22%         2
 Summon Ice Beast         Ice/Summ       16%        N/A       32%         4
 Confusing Touch          Hex            4%         N/A       41%         3
 Mephitic Cloud           Conj/Pois/Air  4%         N/A       41%         3
 Swiftness                Air            4%         N/A       41%         3
 Airstrike                Air            2%         2d(1-17)  83%         4
 Dispel Undead            Necr           4%         3d7       83%         4
 Freezing Cloud           Conj/Ice/Air   6%         6-21      83%         5


Dungeon Overview and Level Annotations

Branches:
Dungeon (6/15)             Temple (1/1) D:5

Altars:
Ashenzari
Cheibriados
Elyvilon
Fedhas
Gozag
Kikubaaqudgha
Makhleb
Nemelex Xobeh
Qazlal
Sif Muna
Trog
Uskayaw
Vehumet
Wu Jian
Xom
The Shining One

Shops:
D:4 [


Innate Abilities, Weirdness & Mutations

((You are very nimble when in or above water. (Stealth+, EV+, Speed+++)))
Your lower body shifts to a powerful aquatic tail in water.


Message History

The frozen ramparts melt away.
The wight misses you. The wight hits you but does no damage.
You hit the wight.
The wight is severely damaged.
The wight hits you with a +3 flail! The wight barely misses you.
Casting: Ozocubu's Armour (safe; 1% risk of failure)
Confirm with . or Enter, or press ? or * to list all spells.
Casting: Frozen Ramparts (safe; 1% risk of failure)
Press: ? - help, Dir - look around, f - activate The walls around you are covered in ice.
The wight completely resists.
The wall freezes the wight but does no damage.
The wight hits you with a +3 flail.
The wight completely resists.
The wall freezes the wight but does no damage.
The wight hits you from afar with a +3 spear.
You closely miss the wight. You punch the wight, but do no damage.
The wight is severely damaged.
The wight resists.
The wall freezes the wight.
The wight hits you with a +3 flail!
You feel drained.
The wight completely resists.
The wall freezes the wight but does no damage.
The wight hits you from afar with a +3 spear!
* * * LOW HITPOINT WARNING * * *
You hit the wight.
The wight is severely damaged.
The wight resists.
The wall freezes the wight.
The wight hits you with a +3 flail.
* * * LOW HITPOINT WARNING * * *
You feel drained.
* * * LOW HITPOINT WARNING * * *
The wall freezes the wight but does no damage.
The wight hits you from afar with a +3 spear!
* * * LOW HITPOINT WARNING * * *
Unknown command.
It was a potion of curing.
You feel better.
The wall freezes the wight but does no damage.
The wight hits you with a +3 flail!
* * * LOW HITPOINT WARNING * * *
You feel drained.
You die...

.............##.#
####............
..######............
.................##.
##.###.z..........##.#
..z.z...#............#
.....#####...?.......#
..## ####z.........#
#.@z.........$#
#.###'###.....#
#.#.....#.....#
##.#.....#.....#
#..#.._..#.....#
#..#.....#.....#
#..#.....#.....#
#..#######.###.#
#...........# #


You could see 2 wights.

Vanquished Creatures
  3 ogres
  An ice beast (D:6)
  2 scorpions (D:5)
  5 hounds
  3 iron imps (D:5)
  5 iguanas
  11 adders
  4 gnolls (D:4)
  A shadow imp (D:5)
  A worm (D:5)
  3 dart slugs (D:4)
  9 orcs
  5 endoplasms
  4 giant cockroaches
  11 goblins
  8 hobgoblins
  8 kobolds
  4 quokkas
  5 ball pythons
  3 bats
  2 frilled lizards
  9 rats
107 creatures vanquished.

Notes
Turn   | Place    | Note
-------+----------+-------------------------------------------
     0 | D:1      | safid the Merfolk Ice Elementalist began the quest for the
                  | Orb.
     0 | D:1      | Reached XP level 1. HP: 13/13 MP: 3/3
   206 | D:1      | Reached XP level 2. HP: 20/20 MP: 5/5
   218 | D:1      | Reached skill level 1 in Fighting
   780 | D:1      | Found a faded altar of an unknown god.
   854 | D:2      | Reached XP level 3. HP: 26/26 MP: 3/6
  1070 | D:2      | Found a shimmering blue altar of Sif Muna.
  1588 | D:2      | Learned a level 3 spell: Frozen Ramparts
  1592 | D:2      | Learned a level 3 spell: Ozocubu's Armour
  1642 | D:3      | Reached skill level 5 in Ice Magic
  1642 | D:3      | Reached XP level 4. HP: 31/33 MP: 3/8
  1706 | D:3      | Found an ancient bone altar of Kikubaaqudgha.
  1884 | D:3      | Found a blossoming altar of Fedhas.
  2466 | D:3      | Reached XP level 5. HP: 29/39 MP: 9/9
  2567 | D:3      | Found a white marble altar of Elyvilon.
  2857 | D:4      | Noticed an animated shadow dragon scales
  2859 | D:4      | Found Hiocuf's Armour Boutique.
  2861 | D:4      | Noticed an animated crystal plate armour
  3069 | D:4      | Reached XP level 6. HP: 25/47 MP: 4/11
  3272 | D:4      | Found a bloodstained altar of Trog.
  3547 | D:4      | Found a snail-covered altar of Cheibriados.
  3632 | D:4      | Identified the +2 chain mail of Distant Shores {rC+ Will-
                  | Int+3}
  3953 | D:4      | Reached skill level 6 in Ice Magic
  4163 | D:4      | Upgraded the game from 0.30.1-10-g1249ef9ec4 to
                  | 0.30.1-11-g7821555f0a
  4192 | D:5      | Entered Level 5 of the Dungeon
  4244 | D:5      | Reached XP level 7. HP: 54/54 MP: 7/13
  4351 | D:5      | Found a stormy altar of Qazlal.
  4579 | D:5      | Found an opulent altar of Gozag.
  4862 | D:5      | Found a broken altar of Ashenzari.
  4944 | D:5      | Reached skill level 5 in Fighting
  5165 | D:5      | Found a burning altar of Makhleb.
  5210 | D:5      | Reached skill level 7 in Ice Magic
  5217 | D:5      | Reached XP level 8. HP: 40/62 MP: 8/15
  5382 | D:5      | Found a staircase to the Ecumenical Temple.
  5389 | Temple   | Entered the Ecumenical Temple
  5494 | Temple   | Became a worshipper of Vehumet
  5687 | D:6      | Reached skill level 5 in Spellcasting
  5735 | D:6      | Found a hide-covered altar of Uskayaw.
  5797 | D:6      | HP: 1/60 [wight/+3 spear (8)]
  5798 | D:6      | Slain by a wight

Illustrated notes

Levels and vault maps discovered:
D:1:      ncdulo_halloftheorcs, layout_loops_ring,
          hellmonk_ecumenical_altar_inner_sanctum
D:2:      layout_loops_ring, basic_altar
D:3:      layout_loops_corners, fedhas_ov_isle_minmay, kiku_gazebo_pond_becter,
          lemuel_coloured_pillars_altar, kennysheep_generic_room_3
D:4:      layout_cave_pods, kennysheep_slug_shrine,
          mainiacjoe_overflow_surrounded_room, serial_shops,
          nicolae_shop_mannequins, nicolae_half_adder
D:5:      layout_basic, demons_altar, mainiacjoe_overflow_24_doors,
          nicolae_qazlal_general_emergency, lemuel_round_altar,
          minmay_temple_entry_nine_rooms
D:6:      layout_rooms, mainiacjoe_overflow_catwalk, amcnicky_altar_gilded,
          enter_ossuary_5, hangedman_decor_lopped, amethyst_killhole
Temple:   nicolae_temple_superstar

Skill      XL: |  1  2  3  4  5  6  7  8 |
---------------+-------------------------+-----
Fighting       | 1 2 3 4 5 |  5.8
Ice Magic      | 5 6 7 |  7.4
Spellcasting   | 3 4 5 |  5.2
Dodging        | |  2.6
Stealth        | |  2.1

Action                     |  1- 3 |  4- 6 |  7- 9 || total
---------------------------+-------+-------+-------++-------
  Melee: Short sword       |   102 |       |       ||   102
         Punch             |     1 |     1 |     2 ||     4
         Dagger            |       |   141 |   118 ||   259
   Cast: Freeze            |    21 |    14 |     1 ||    36
         Frozen Ramparts   |       |     5 |    15 ||    20
         Ozocubu's Armour  |       |     2 |     9 ||    11
    Use: Potion            |       |       |     1 ||     1
   Stab: Distracted        |     1 |       |       ||     1
         Sleeping          |     2 |     6 |       ||     8
 Armour: Robe              |    19 |    11 |    31 ||    61
  Dodge: Dodged            |    60 |    79 |    61 ||   200
  Block: Other             |    28 |    31 |    20 ||    79
